 Dungeon Crawl Stone Soup version 0.32-a0-656-g3542139ebd (webtiles) character file.

Game seed: 11207584620612921743

680 CougarLife the Digger (level 7, 0/36 HPs)
             Began as a Gargoyle Earth Elementalist on Mar 8, 2024.
             Slain by a troll (8 damage)
             ... on level 5 of the Dungeon.
             The game lasted 00:04:36 (4390 turns).

CougarLife the Digger (Gargoyle Earth Elementalist) Turns: 4390, Time: 00:04:36

Health: 0/36       AC:  8    Str: 12    XL:     7   Next: 60%
Magic:  14/14      EV: 11    Int: 17    God:
Gold:   179        SH:  0    Dex: 10    Spells: 11/15 levels left

rFire   . . .        o - +1 dagger (venom)
rCold   . . .        (no shield)
rNeg    + . .        a - +0 robe
rPois   ∞            j - +2 hat
rElec   +            (no cloak)
rCorr   .            (no gloves)
SInv    .            (no boots)
Will    .....        (no amulet)
Stlth   ++           (no ring)
HPRegen 0.26/turn    (no ring)
MPRegen 0.14/turn

%: no passive effects
@: no status effects
A: sickness immunity, AC +4, negative energy resistance 1, electricity
resistance, torment resistance 1, petrification resistance
a: no special abilities


You were on level 5 of the Dungeon.
You visited 1 branch of the dungeon, and saw 5 of its levels.

You collected 179 gold pieces.

Inventory:

Hand Weapons
 o - a +1 dagger of venom (weapon)
Missiles
 p - a throwing net
Armour
 a - a +0 robe (worn)
 j - a +2 hat (worn)
Wands
 h - a wand of polymorph (4)
Scrolls
 c - a scroll of enchant armour {unknown}
 e - a scroll of poison
 f - a scroll of torment {unknown}
 i - a scroll of brand weapon
 k - a scroll of immolation {unknown}
 l - 2 scrolls of fear
 n - a scroll of teleportation {unknown}
Potions
 d - a potion of enlightenment {unknown}
 g - 4 potions of heal wounds


   Skills:
 - Level 1.5 Dodging
 - Level 2.1 Stealth
 + Level 4.7 Spellcasting
 + Level 5.0 Conjurations
 + Level 6.6 Earth Magic


You had 11 spell levels left.
You knew the following spells:

 Your Spells              Type           Power      Damage    Failure   Level
a - Sandblast             Erth           52%        2d12      1%          1
b - Stone Arrow           Conj/Erth      46%        3d9       4%          3

Your spell library contained the following spells:

 Spells                   Type           Power      Damage    Failure   Level
 Passwall                 Erth           26%        N/A       3%          3
 Momentum Strike          Conj/Tloc      24%        3d8       8%          2
 Brom's Barrelling Bould  Conj/Erth      23%        2d4       13%         4
 Blink                    Tloc           8%         N/A       22%         2
 Lesser Beckoning         Tloc           8%         N/A       22%         2
 Animate Armour           Summ/Erth      30%        N/A       36%         4
 Petrify                  Alch/Erth      15%        N/A       36%         4
 Ignite Poison            Fire/Alch      4%         N/A       82%         4
 Freezing Cloud           Conj/Ice/Air   4%         6-21      90%         5
 Lehudib's Crystal Spear  Conj/Erth      11%        10d4      100%        8
 Cigotuvi's Dreadful Rot  Necr/Alch/Air  Unusable   N/A       N/A         2

Dungeon Overview and Level Annotations

Branches:
Dungeon (5/15)
 Temple: D:4-7

Altars:


Innate Abilities, Weirdness & Mutations

You are immune to sickness and miasma.
Your stone body is resilient. (AC +4)
You are immune to poison.
You resist negative energy. (rN+)
You are resistant to electric shocks. (rElec)
You are resistant to unholy torment.
You are immune to petrification.


Message History

Casting: Sandblast (safe; 1% risk of failure)
Confirm with . or Enter, or press ? or * to list all spells.
You can't see any susceptible monsters within range! (Use Z to cast anyway.) Unknown command.
Casting: Sandblast (safe; 1% risk of failure)
Confirm with . or Enter, or press ? or * to list all spells.
Aiming: Stone Arrow (dangerous; 4% risk of failure)
Press: ? - help, Shift-Dir - straight line, f - troll
Aim: a troll (71% to hit)
The stone arrow hits the troll!
The troll is moderately wounded.
Casting: Stone Arrow (dangerous; 4% risk of failure)
Confirm with . or Enter, or press ? or * to list all spells.
Aiming: Stone Arrow (dangerous; 4% risk of failure)
Press: ? - help, Shift-Dir - straight line, f/p - troll
Aim: a troll (moderately wounded, 71% to hit)
The stone arrow misses the troll.
Casting: Stone Arrow (dangerous; 4% risk of failure)
Confirm with . or Enter, or press ? or * to list all spells.
Aiming: Stone Arrow (dangerous; 4% risk of failure)
Press: ? - help, Shift-Dir - straight line, f/p - troll
Aim: a troll (moderately wounded, 71% to hit)
The stone arrow misses the troll.
Casting: Stone Arrow (dangerous; 4% risk of failure)
Confirm with . or Enter, or press ? or * to list all spells.
Aiming: Stone Arrow (dangerous; 4% risk of failure)
Press: ? - help, Shift-Dir - straight line, f/p - troll
Aim: a troll (lightly wounded, 71% to hit)
The stone arrow hits the troll!
The troll is heavily wounded.
The troll bites you! The troll claws you but does no damage.
The troll barely misses you.
Casting: Stone Arrow (dangerous; 4% risk of failure)
Confirm with . or Enter, or press ? or * to list all spells.
You don't have enough magic to cast this spell.
Unknown command.
Magic courses through your body. The troll bites you!
* * * LOW HITPOINT WARNING * * *
The troll claws you!
You die...

#.## #..###
##...###############
#########..................
............############..T
#.[.......)# ###.##
#..........##########...#
#..................##.###
#........@T.######....####
#...........######........
#...................######
#...........####^##.######
#................ #.......
.............### ########
.###....#... ..##.#....


You could see a troll.

Vanquished Creatures
  Sigmund (D:3)
  A black bear (D:4)
  A bombardier beetle (D:4)
  2 hounds (D:4)
  2 jellies
  An orc wizard (D:3)
  Natasha (thrice) (D:2)
  A sleepcap (D:4)
  3 adders
  4 gnolls (D:3)
  2 dart slugs
  A ribbon worm (D:2)
  3 orcs
  8 endoplasms
  2 giant cockroaches (D:1)
  8 goblins
  8 hobgoblins
  7 jackals
  4 quokkas
  6 ball pythons
  3 bats (D:1)
  7 frilled lizards
  9 kobolds
  6 rats
93 creatures vanquished.

Notes
Turn   | Place    | Note
-------+----------+-------------------------------------------
     0 | D:1      | CougarLife the Gargoyle Earth Elementalist began the quest
                  | for the Orb.
     0 | D:1      | Reached XP level 1. HP: 10/10 MP: 3/3
    94 | D:1      | Reached XP level 2. HP: 12/15 MP: 0/5
   223 | D:1      | Reached skill level 4 in Earth Magic
   393 | D:1      | Reached XP level 3. HP: 19/19 MP: 3/6
   891 | D:1      | Found a faded altar of an unknown god.
  1494 | D:2      | Reached XP level 4. HP: 24/24 MP: 4/8
  1795 | D:2      | Learned a level 3 spell: Stone Arrow
  2172 | D:3      | Noticed Sigmund
  2179 | D:3      | Killed Sigmund
  2180 | D:3      | Reached skill level 5 in Earth Magic
  2180 | D:3      | Reached XP level 5. HP: 21/28 MP: 4/10
  2180 | D:3      | Reached XP level 6. HP: 24/32 MP: 4/11
  2423 | D:3      | Noticed Natasha
  2438 | D:2      | Killed Natasha
  2865 | D:2      | Noticed Natasha
  2870 | D:2      | Killed Natasha
  3233 | D:2      | Noticed Natasha
  3240 | D:2      | Killed Natasha
  3611 | D:4      | Noticed a black bear
  3615 | D:4      | Killed a black bear
  3616 | D:4      | Reached skill level 6 in Earth Magic
  3616 | D:4      | Reached XP level 7. HP: 25/36 MP: 6/13
  4172 | D:4      | Reached skill level 5 in Conjurations
  4250 | D:5      | Entered Level 5 of the Dungeon
  4362 | D:5      | Noticed a troll
  4390 | D:5      | Slain by a troll

Illustrated notes

Levels and vault maps discovered:
D:1:      lightli_molten_gateway, layout_rooms,
          shapermc_ecumenical_altar_mp_vishouse
D:2:      layout_loops_ring
D:3:      layout_loops_cross, serial_park_tiny_1, uniq_natasha, uniq_sigmund
D:4:      layout_cave_pools
D:5:      layout_rooms

Skill      XL: |  1  2  3  4  5  6  7 |
---------------+----------------------+-----
Earth Magic    | 4 5 6 |  6.6
Conjurations   | 2 3 4 5 |  5.0
Spellcasting   | 3 4 |  4.7
Dodging        | |  1.5
Stealth        | |  2.1

Action                     |  1- 3 |  4- 6 |  7- 9 || total
---------------------------+-------+-------+-------++-------
  Melee: Unarmed           |    21 |       |       ||    21
         Dagger            |     5 |     5 |       ||    10
   Cast: Sandblast         |    51 |    52 |    30 ||   133
         Stone Arrow       |       |     1 |     4 ||     5
    Use: Scroll            |       |       |     5 ||     5
         Potion            |       |       |     1 ||     1
 Armour: Robe              |    45 |    26 |     9 ||    80
  Dodge: Dodged            |    53 |    17 |     8 ||    78

Table legend: (Time is in decaauts)
 A = Elapsed time spent in this place.
 B = Non-inter-level travel time spent in this place.
 C = Inter-level travel time spent in this place.
 D = Time resting spent in this place.
 E = Time spent auto-exploring this place.
 F = Levels seen in this place.
 G = Mean time per level.
                   A        B        C        D        E       F      G
               +--------+--------+--------+--------+--------+-----+--------+
         Total |   4455 |   3554 |    901 |    379 |   2543 |   5 |  891.0 |
       Dungeon |   4455 |   3554 |    901 |    379 |   2543 |   5 |  891.0 |
               +--------+--------+--------+--------+--------+-----+--------+

Top non-repeatable levels by time:
     D:2: 1709 daAuts
     D:3: 993 daAuts
     D:1: 957 daAuts
     D:4: 653 daAuts
     D:5: 141 daAuts
